 Dungeon Crawl Stone Soup version 0.31-a0-1626-g5cb510d322 (webtiles) character file.

Game seed: 14509637517032787004

1341 snarfax the Nimble (level 8, 0/36 HPs)
             Began as a Spriggan Conjurer on Jan 13, 2024.
             Was an Initiate of Sif Muna.
             Killed from afar by Maurice (20 damage)
             ... with a bolt of acid
             ... on level 6 of the Dungeon.
             The game lasted 00:29:09 (7515 turns).

snarfax the Nimble (Spriggan Conjurer)              Turns: 7515, Time: 00:29:10

Health: 0/36       AC:  0    Str:  3    XL:     8   Next: 35%
Magic:  15/20      EV: 21    Int: 21    God:    Sif Muna [......]
Gold:   374        SH:  0    Dex: 14    Spells: 19/22 levels left

rFire   . . .        u - +0 short sword (vamp)
rCold   . . .        (no shield)
rNeg    . . .        a - +0 robe
rPois   .            (helmet restricted)
rElec   .            e - +1 cloak
rCorr   .            (gloves unavailable)
SInv    +            (boots unavailable)
Will    +....        (no amulet)
Stlth   +++          (no ring)
HPRegen 0.26/turn    (no ring)
MPRegen 0.17/turn

%: no passive effects
@: corroded, very quick
A: very small, no large weapons, unfitting armour, see invisible, speed 3
a: Renounce Religion


You were on level 6 of the Dungeon.
You worshipped Sif Muna.
Sif Muna was noncommittal.
You visited 2 branches of the dungeon, and saw 8 of its levels.

You collected 434 gold pieces.
You spent 60 gold pieces at shops.

Inventory:

Hand Weapons
 c - a +0 whip
 h - a +0 short sword
 o - a +0 rapier
 u - a +0 vampiric short sword (weapon)
Missiles
 m - 5 throwing nets
 t - 14 poisoned darts
Armour
 a - a +0 robe (worn)
 e - a +1 cloak (worn)
Jewellery
 v - a ring of flight
Wands
 r - a wand of paralysis (7)
 s - a wand of iceblast (7)
Scrolls
 f - 3 scrolls of teleportation
 g - a scroll of immolation
 k - a scroll of torment
Potions
 b - 3 potions of magic
 d - 4 potions of curing
 i - 2 potions of lignification
 l - a potion of ambrosia
 n - a potion of attraction
 p - 4 potions of heal wounds
 q - a potion of mutation


   Skills:
 * Level 8.3 Dodging
 + Level 7.1 Stealth
 * Level 7.5 Spellcasting
 + Level 4.2 Conjurations


You had 19 spell levels left.
You knew the following spells:

 Your Spells              Type           Power      Damage    Failure   Level
a - Magic Dart            Conj           100%       1d8       1%          1
b - Searing Ray           Conj           50%        2d6       2%          2

Your spell library contained the following spells:

 Spells                   Type           Power      Damage    Failure   Level
 Apportation              Tloc           14%        N/A       9%          1
 Jinxbite                 Hex            14%        N/A       13%         2
 Fulminant Prism          Conj/Alch      8%         3d7       34%         4
 Iskenderun's Mystic Bla  Conj/Tloc      16%        2d5       34%         4
 Cause Fear               Hex            3%         N/A       63%         4
 Fireball                 Conj/Fire      8%         3d6       67%         5
 Alistair's Intoxication  Alch           4%         N/A       93%         5
 Dragon's Call            Summ           3%         N/A       100%        9


Dungeon Overview and Level Annotations

Branches:
Dungeon (7/15)             Temple (1/1) D:6

Altars:
Ashenzari
Cheibriados
Dithmenos
Elyvilon
Fedhas
Gozag
Kikubaaqudgha
Makhleb
Nemelex Xobeh
Okawaru
Qazlal
Ru
Sif Muna
Trog
Uskayaw
Vehumet
Wu Jian
Xom
Yredelemnul
Zin
The Shining One

Shops:
D:2 *

Annotations:
D:3 3 runed translucent doors, pigah's ghost, amateur VSNe
D:6 1 runed translucent door, Maurice


Innate Abilities, Weirdness & Mutations

You are very small and have problems with some larger weapons.
You are too small for most types of armour.
You have supernaturally acute eyesight. (SInv)
You cover ground extremely quickly. (Speed+++)


Message History

The orc wizard is almost dead.
The orc wizard completely misses you.
You barely miss the orc wizard.
The orc wizard is almost dead.
The orc wizard barely misses you.
You hit the orc wizard but do no damage.
The orc wizard is almost dead.
The orc wizard closely misses you.
You hit the orc wizard.
You feel better.
The orc wizard is almost dead.
The orc wizard hits you with a +0 dagger.
You hit the orc wizard.
You kill the orc wizard!
Sif Muna accepts your kill.
Things that are here:
a +0 dagger; a +0 robe You see here a +0 chain mail.
Maurice shouts!
Casting: Magic Dart (safe; 1% risk of failure)
Confirm with . or Enter, or press ? or * to list all spells.
Aiming: Searing Ray (safe; 2% risk of failure)
Press: ? - help, Shift-Dir - straight line, f - Maurice
Aim: Maurice, wielding a +0 shortbow, wearing a +0 cloak, quivering poisoned darts and carrying a wand of acid (71% to hit)
The searing ray hits Maurice.
Maurice is lightly wounded. (Press . to maintain the ray.) Maurice throws a poisoned dart.
The poisoned dart closely misses you.
The searing ray hits Maurice!
Maurice is moderately wounded.
Maurice casts a spell.
Maurice flickers and vanishes for a moment.
The searing ray hits Maurice.
Maurice is moderately wounded.
Maurice zaps a wand.
The bolt of acid hits you! The acid corrodes you!
The searing ray hits Maurice.
Maurice is moderately wounded.
You finish channelling your searing ray.
Maurice zaps a wand.
The bolt of acid hits you!!
Ouch! That really hurt!
You die...

#........#
###########.######.#
#...........######.########
#.########..##.......)....#
#.# #§.........##.######.#
#.# #§####......#.# #.# #.#
#§# #.#...##.######.#####
#.# #+#
#.##.###.##.........# #.#
... #....@[..##.###.###.#
#.# 8.o.8 ####.######.# #.#
#.# #.##.....# ##'##
#.###.# #.# #.#.......
##...## #.#...# #.#
###.8...8.##.f...## #.#.###
#.#
#.......#>......###.#..##
#.# ####
#.......[##.#...###.# ...#
#........'..........# ####
#........###.......##


You could see Maurice (invisible).

Vanquished Creatures
  A sky beast (D:6)
  4 phantoms
  A centaur (D:6)
  A kobold brigand (D:6)
  A bullfrog (D:6)
  2 scorpions
  A howler monkey (D:4)
  An orc priest (D:6)
  4 bombardier beetles
  4 hounds
  A jelly (D:4)
  A sleepcap (D:5)
  An iguana (D:4)
  3 orc wizards
  3 gnolls (D:5)
  3 adders
  A white imp (D:5)
  2 ufetubi (D:6)
  2 dart slugs (D:1)
  2 ribbon worms
  6 orcs
  4 ball pythons
  10 bats
  6 endoplasms
  2 giant cockroaches
  2 hobgoblins
  7 kobolds
  5 quokkas
  6 frilled lizards
  7 goblins
  8 rats
102 creatures vanquished.

Notes
Turn   | Place    | Note
-------+----------+-------------------------------------------
     0 | D:1      | snarfax the Spriggan Conjurer began the quest for the Orb.
     0 | D:1      | Reached XP level 1. HP: 9/9 MP: 5/5
   180 | D:1      | Reached skill level 3 in Dodging
   229 | D:1      | Reached XP level 2. HP: 13/13 MP: 2/7
   232 | D:1      | Learned a level 2 spell: Searing Ray
   842 | D:1      | Reached XP level 3. HP: 16/16 MP: 3/8
  1492 | D:2      | Found Lucym's Assorted Antiques.
  1512 | D:2      | Bought a scroll labelled RUROVUHULE for 20 gold pieces
  1512 | D:2      | Bought a scroll labelled DOCLA NIQETH for 20 gold pieces
  1512 | D:2      | Bought a scroll labelled DOCLA NIQETH for 20 gold pieces
  1602 | D:2      | Identified the +1 leather armour "Giel" {rN+ Regen+}
  2520 | D:3      | Reached skill level 4 in Dodging
  2520 | D:3      | Reached XP level 4. HP: 21/21 MP: 5/10
  2661 | D:3      | Found a runed translucent gate.
  2661 | D:3      | Identified the +7 hand axe of the Everdark {pain, ^Drain
                  | Fly Int-2 SInv}
  2661 | D:3      | Identified the +4 chain mail of Jemmuas {+Blink Dex+2}
  2662 | D:3      | Found a runed translucent gate.
  2664 | D:3      | Found a runed translucent gate.
  2665 | D:3      | Noticed pigah's ghost (amateur VSNe)
  3580 | D:3      | Identified the +1 robe "Coazakk" {Int+5 SInv}
  3928 | D:4      | Reached XP level 5. HP: 24/24 MP: 6/12
  4133 | D:4      | Reached skill level 5 in Dodging
  4535 | D:4      | Reached XP level 6. HP: 22/28 MP: 5/14
  4676 | D:5      | Entered Level 5 of the Dungeon
  4785 | D:5      | Reached skill level 5 in Stealth
  4785 | D:5      | Reached skill level 5 in Spellcasting
  4939 | D:5      | Found a snail-covered altar of Cheibriados.
  5212 | D:5      | Reached skill level 6 in Dodging
  5440 | D:5      | Reached XP level 7. HP: 32/32 MP: 8/16
  5874 | D:6      | Found a runed translucent door.
  6383 | D:6      | Reached skill level 7 in Dodging
  6619 | D:6      | Reached XP level 8. HP: 36/36 MP: 12/19
  6711 | D:6      | Found a staircase to the Ecumenical Temple.
  6717 | Temple   | Entered the Ecumenical Temple
  6724 | Temple   | Became a worshipper of Sif Muna the Loreminder
  6743 | D:6      | Found a radiant altar of Vehumet.
  6743 | D:6      | Found a basalt altar of Yredelemnul.
  6743 | D:6      | Found an opulent altar of Gozag.
  7226 | D:7      | Noticed Maurice
  7284 | D:6      | Reached skill level 8 in Dodging
  7467 | D:7      | Maurice stole 18 poisoned darts
  7515 | D:6      | Killed from afar by Maurice

Illustrated notes

Levels and vault maps discovered:
D:1:      nzn_arrival_crosshair, layout_basic, minmay_misc_feat_pillars,
          hangedman_decor_lopped
D:2:      layout_loops_cross, serial_shops, nicolae_shop_hallway_stairs,
          minmay_diced_spiral
D:3:      minmay_recursive_quarters, layout_loops_corners,
          biasface_ghost_orc_armoury
D:4:      layout_loops_cross
D:5:      layout_basic, slow_altar_1
D:6:      layout_loops_corners, gammafunk_temple_overflow_claw,
          minmay_temple_entry_glassed_door, amcnicky_mini_pool_small,
          lightli_church_of_beogh
D:7:      layout_rooms, uniq_duvessa, uniq_maurice
Temple:   sentei_temple_godly_chess

Skill      XL: |  1  2  3  4  5  6  7  8 |
---------------+-------------------------+-----
Conjurations   | 3 4 |  4.2
Dodging        | 3 4 5 6 7 8 |  8.3
Spellcasting   | 3 4 5 6 7 |  7.5
Stealth        | 4 5 6 7 |  7.1

Action                     |  1- 3 |  4- 6 |  7- 9 || total
---------------------------+-------+-------+-------++-------
  Melee: Whip              |     4 |       |       ||     4
         Short sword       |     4 |    17 |   105 ||   126
         Rapier            |       |    67 |    15 ||    82
         Punch             |       |     2 |       ||     2
   Cast: Magic Dart        |    75 |    36 |    33 ||   144
         Searing Ray       |     8 |    17 |    15 ||    40
    Use: Scroll            |     3 |     7 |     4 ||    14
         Potion            |     1 |       |       ||     1
   Stab: Sleeping          |     2 |     5 |     2 ||     9
 Armour: Robe              |     6 |    32 |    55 ||    93
  Dodge: Dodged            |    11 |    90 |   176 ||   277

Table legend: (Time is in decaauts)
 A = Elapsed time spent in this place.
 B = Non-inter-level travel time spent in this place.
 C = Inter-level travel time spent in this place.
 D = Time resting spent in this place.
 E = Time spent auto-exploring this place.
 F = Levels seen in this place.
 G = Mean time per level.
                   A        B        C        D        E       F      G
               +--------+--------+--------+--------+--------+-----+--------+
         Total |   5662 |   5493 |    169 |    185 |   4365 |   8 |  707.8 |
       Dungeon |   5652 |   5487 |    165 |    185 |   4365 |   7 |  807.4 |
        Temple |      9 |      6 |      3 |      0 |      0 |   1 |    9.0 |
               +--------+--------+--------+--------+--------+-----+--------+

Top non-repeatable levels by time:
     D:6: 1294 daAuts
     D:1: 1010 daAuts
     D:3: 860 daAuts
     D:5: 845 daAuts
     D:4: 797 daAuts
     D:2: 797 daAuts
     D:7: 46 daAuts
  Temple: 9 daAuts
